 Dungeon Crawl Stone Soup version 0.13-a0-2318-gf5ad1f9 (webtiles) character file.

198 Kae the Firebug (level 4, 0/24 HPs)
             Began as a Tengu Fire Elementalist on July 10, 2013.
             Slain by an orc wizard
             ... wielding a +0,+3 orcish dagger
              (4 damage)
             ... on Level 3 of the Dungeon.
             The game lasted 00:02:55 (2207 turns).

Kae the Firebug (Tengu Fire Elementalist)           Turns: 2207, Time: 00:02:55

HP   0/24        AC  4     Str  8      XL: 4   Next: 85%
MP   1/9         EV 18     Int 21      God:
Gold 91          SH  0     Dex 20      Spells:  1 memorised,  6 levels left

Res.Fire  : + . .   See Invis. : .   (no weapon)
Res.Cold  : x . .   Warding    : .   a - +0 robe
Life Prot.: . . .   Conserve   : .   (no shield)
Res.Poison: .       Res.Corr.  : .   (helmet restricted)
Res.Elec. : .       Clarity    : .   m - +1 cloak
Sust.Abil.: . .     Spirit.Shd : .   (no gloves)
Res.Mut.  : .       Stasis     : .   (boots unavailable)
Res.Rott. : .       Flight     : .   (no amulet)
Saprovore : . . .                    (no ring)
                                     p - ring of fire

@: confused, brilliant, agile, slightly resistant to hostile enchantments,
fairly stealthy
A: beak, talons 3
a: no special abilities


You were on level 3 of the Dungeon.
You were not hungry.

You visited 1 branch of the dungeon, and saw 3 of its levels.

You collected 71 gold pieces.

Inventory:

Armour
 a - a +0 robe (worn)
 m - a +1 cloak (worn)
Comestibles
 c - 4 bread rations
 f - a meat ration
 r - a chunk of goblin flesh
Scrolls
 d - 4 scrolls of identify {unknown}
 e - a scroll of blinking {unknown}
 g - 2 scrolls of remove curse {unknown}
 i - a scroll of amnesia {unknown}
 k - a scroll of teleportation {unknown}
 n - a scroll of curse weapon {unknown}
 o - a scroll of fear {unknown}
Jewellery
 p - a ring of fire (left hand)
 q - an uncursed amulet of warding {unknown}
 s - an uncursed ring of magical power {unknown}
Books
 b - a book of Flames

   Spells                             Type                      Level
   *Flame Tongue                      Conjuration/Fire             1
   Throw Flame                        Conjuration/Fire             2
   Conjure Flame                      Conjuration/Fire             3
   Inner Flame                        Hexes/Fire                   3
   Sticky Flame                       Conjuration/Fire             4
   Fireball                           Conjuration/Fire             5


   Skills:
 - Level 2.1 Dodging
 - Level 2.0 Stealth
 + Level 2.1 Spellcasting
 * Level 3.6 Conjurations
 * Level 4.4 Fire Magic


You had 6 spell levels left.
You knew the following spells:

 Your Spells              Type           Power        Failure   Level  Hunger
a - Flame Tongue          Conj/Fire      #####        1%          1    #......


Dungeon Overview and Level Annotations

Branches:
Dungeon (3/27)

Altars:


Innate Abilities, Weirdness & Mutations

You have a beak for a mouth.
You have claws for feet.


Message History

You hear some strange, mumbled words.
The magic dart hits you!
* * * LOW HITPOINT WARNING * * *
Drink which item? (? for menu, Esc to quit)
You feel better.
It was a potion of curing.
It hits you.
* * * LOW HITPOINT WARNING * * *
Drink which item? (? for menu, Esc to quit)
You feel more clever all of a sudden.
It was a potion of brilliance.
You hear some strange, mumbled words.
You are confused.
Drink which item? (? for menu, Esc to quit)
You feel more agile all of a sudden.
It was a potion of agility.
It hits you.
* * * LOW HITPOINT WARNING * * *
Ouch! It closely misses you.
You're too confused to cast spells.
Sorry, you're not good enough to have a special ability.
Ouch! It hits you.
You die...

.. .# ..# ########.######
####.... )...o........!.
......... ...(...........
........ .................
.....## #o.# (....# #..#
.....################..######
................@).)..........
###..#######...###########..#
###..# #...######### #
.....#######..^.........
...............%........
............#########...
###########.# #.# # #..


There were no monsters in sight!

Vanquished Creatures
  Ijyb (D:2)
  4 adders
  A worm (D:2)
  An ooze (D:2)
  3 orcs (D:3)
  5 bats
  4 giant cockroaches
  11 goblins
  4 hobgoblins (D:1)
  A ball python (D:1)
  4 giant newts
  7 kobolds
  4 rats
50 creatures vanquished.

Vanquished Creatures (others)
  A giant newt (D:1)
1 creature vanquished.

Grand Total: 51 creatures vanquished

Notes
Turn   | Place    | Note
--------------------------------------------------------------
     0 | D:1      | Kae, the Tengu Fire Elementalist, began the quest for the Orb.
     0 | D:1      | Reached XP level 1. HP: 10/10 MP: 3/3
     2 | D:1      | Noticed a demonspawn
     2 | D:1      | Noticed a spriggan
     4 | D:1      | Noticed an octopode
     6 | D:1      | Noticed a demigod
     8 | D:1      | Noticed a draconian
     8 | D:1      | Noticed a dwarf
    10 | D:1      | Noticed a troll
    12 | D:1      | Noticed a centaur
    12 | D:1      | Noticed a vampire
    14 | D:1      | Noticed a minotaur
    14 | D:1      | Noticed a ghoul
    16 | D:1      | Noticed a felid
    18 | D:1      | Noticed a human
    18 | D:1      | Noticed an ogre
    20 | D:1      | Noticed a tengu
    20 | D:1      | Noticed an elf
    22 | D:1      | Noticed a naga
    22 | D:1      | Noticed a merfolk
   184 | D:1      | Reached XP level 2. HP: 9/15 MP: 0/5
   919 | D:2      | Reached skill level 4 in Fire Magic
   919 | D:2      | Reached XP level 3. HP: 13/19 MP: 0/7
  1456 | D:2      | Noticed Ijyb
  1473 | D:2      | Killed Ijyb
  1473 | D:2      | Reached XP level 4. HP: 22/24 MP: 2/8
  2207 | D:3      | Slain by an orc wizard

Action                   |  1- 3 |  4- 6 || total
-------------------------+-------+-------++-------
Melee: Unarmed           |    35 |     6 ||    41
 Cast: Flame Tongue      |    63 |    27 ||    90
  Use: Potion            |       |     3 ||     3
